 Dungeon Crawl Stone Soup version 0.26.1-11-gd32895ea62 (webtiles) character file.

Game seed: 17645009579599602296

18928 sex1234 the Cleaver (level 12, -10/109 HPs)
             Began as a Deep Dwarf Fighter on June 15, 2021.
             Was a High Priest of Okawaru.
             Killed from afar by a fire dragon (glowing shapeshifter) (42 damage)
             ... with a blast of flame
             ... on level 13 of the Dungeon.
             The game lasted 01:28:52 (11567 turns).

sex1234 the Cleaver (Deep Dwarf Fighter)           Turns: 11567, Time: 01:28:52

Health: -10/109    AC: 17    Str: 26    XL:     12   Next: 32%
Magic:  2/7        EV: 24    Int:  8    God:    Okawaru [*****.]
Gold:   868        SH: 14    Dex: 12    Spells: 7/11 levels left

rFire    . . .     SeeInvis +   b - +7 hand crossbow (freeze)
rCold    . . .     Faith    .   c - +0 kite shield
rNeg     . . .     Spirit   .   q - +2 scale mail
rPois    .         Reflect  .   m - +2 hat {SInv}
rElec    .         Harm     .   n - scarf {repulsion}
rCorr    .         Rampage  .   d - +2 pair of gloves
Will     +....                  (no boots)
Stlth    ++........             (no amulet)
HPRegen  0.00/turn              e - +4 ring of evasion
MPRegen  0.10/turn              j - +4 ring of evasion

@: heroism, non-regenerating, repel missiles
A: damage resistance, heal wounds, sense surroundings 2, no regeneration
a: Heal Wounds, Renounce Religion, Heroism, Finesse


You were on level 13 of the Dungeon.
You worshipped Okawaru.
Okawaru was extremely pleased with you.
You visited 2 branches of the dungeon, and saw 14 of its levels.

You collected 1438 gold pieces.
You spent 570 gold pieces at shops.

Inventory:

Hand Weapons
 a - a +4 war axe of freezing
 b - a +7 hand crossbow of freezing (weapon)
Missiles
 v - 219 bolts (quivered ammo)
Armour
 c - a +0 kite shield (worn)
 d - a +2 pair of gloves (worn)
 m - a +2 hat of see invisible (worn)
 n - a scarf of repulsion (worn)
 q - a +2 scale mail (worn)
Jewellery
 e - a +4 ring of evasion (left hand)
 j - a +4 ring of evasion (right hand)
 r - an uncursed ring of protection from cold
 x - an uncursed ring of protection from fire
Wands
 g - a wand of digging (7)
 C - a wand of disintegration (2)
 D - a wand of random effects (14)
Scrolls
 f - 10 scrolls of remove curse
 i - 11 scrolls of teleportation
 k - 2 scrolls of blinking
 l - a scroll of magic mapping
 o - a scroll of amnesia {unknown}
 y - 2 scrolls of fog
Potions
 p - 4 potions of brilliance
 t - a potion of berserk rage
 A - 2 potions of might
Miscellaneous
 h - a phantom mirror


   Skills:
 + Level 7.4(12.4) Fighting
 + Level 13.3(18.3) Axes
 + Level 7.8(12.8) Crossbows
 + Level 8.8(13.8) Armour
 + Level 5.4(10.4) Dodging
 + Level 2.2(7.2) Stealth
 + Level 10.0(15.0) Shields
 + Level 0.8 Invocations
 + Level 2.2 Evocations


You had 7 spell levels left.
You knew the following spells:

 Your Spells              Type           Power        Failure   Level
a - Corona                Hex            0%           63%         1
b - Apportation           Tloc           0%           63%         1
c - Summon Small Mammal   Summ           0%           63%         1
d - Animate Skeleton      Necr           0%           63%         1

Your spell library contained the following spells:

 Spells                   Type           Power        Failure   Level
 Pain                     Necr           0%           63%         1
 Call Imp                 Summ           0%           77%         2
 Call Canine Familiar     Summ           0%           94%         3
 Summon Guardian Golem    Hex/Summ       0%           94%         3
 Vampiric Draining        Necr           0%           94%         3
 Animate Dead             Necr           0%           100%        4
 Summon Ice Beast         Ice/Summ       0%           100%        4
 Summon Lightning Spire   Summ/Air       0%           100%        4
 Agony                    Necr           0%           100%        5
 Silence                  Hex/Air        0%           100%        5
 Conjure Ball Lightning   Conj/Air       0%           100%        6
 Tornado                  Air            0%           100%        9


Dungeon Overview and Level Annotations

Branches:
Dungeon (13/15)            Temple (1/1) D:7            Lair (0/6) D:11
    Orc (0/2) D:9          Vaults (0/5) D:13

Altars:
Ashenzari
Cheibriados
Dithmenos
Elyvilon
Fedhas
Gozag
Hepliaklqana
Kikubaaqudgha
Makhleb
Nemelex Xobeh
Okawaru
Qazlal
Ru
Sif Muna
Trog
Uskayaw
Vehumet
Wu Jian
Xom
Yredelemnul
Zin
The Shining One

Shops:
D:4 (   D:6 (   D:8 !   D:12 }


Innate Abilities, Weirdness & Mutations

You are resistant to damage.
You can heal yourself by infusing magical energy.
You passively map the area around you.
You do not regenerate.


Message History

Press: ? - help, Q - select action, (/) - cycle Shift-Dir - straight line, f/p - bunyip
Aim: a bunyip shaped shifter (76% to hit)
You shoot a bolt. The bolt hits the bunyip!!
The bolt freezes the bunyip.
The bunyip is moderately wounded.
The bunyip changes into a fire dragon!
Fire: 221 bolts
Press: ? - help, Q - select action, (/) - cycle Shift-Dir - straight line, f/p - fire dragon
Aim: a fire dragon shaped shifter (80% to hit)
You shoot a bolt. The bolt hits the fire dragon.
The bolt freezes the fire dragon.
The fire dragon is lightly wounded.
Fire: 220 bolts
Press: ? - help, Q - select action, (/) - cycle Shift-Dir - straight line, f/p - fire dragon
Aim: a fire dragon shaped shifter (lightly wounded, 80% to hit)
You shoot a bolt. The bolt hits the fire dragon!!
The bolt freezes the fire dragon!
The fire dragon is heavily wounded.
The fire dragon breathes flames at you. The blast of flame hits you!!!
You die...

# # *........l#.## #..... ##.##
....... #..# ##.## ,
....#>..<....... #.## ##...# #.#
Y.....#......(..##.####..# #.#
......#.........#.......# #.#
...............(........## #>##
C..........?....D##.....)#####...
.....)#...........#.....††.......
.oZ.............@.......†..###...
(.s.(..................#......)..
...((####.....................###
##...# *......[.####.##..)...#$#
#.)..## *......#.# #.....)...#|#
#t<...# ......#.# ###...)...#?#
.Z##.:.####....### #.......#<#
.u##.......?..# ##......#)#
#..(......., , #..?....#)#


You could see a fire dragon shaped shifter (catching breath).

Vanquished Creatures
  The ghost of boben the Martial Artist, a journeyman GnTm of Sif Muna (D:11)
  Erolcha (D:11)
  A centaur warrior (D:13)
  2 unseen horrors
  An oklob plant (D:11)
  An ugly thing (D:12)
  A wolf spider (D:13)
  A manticore (D:12)
  3 cyclopes
  A gargoyle (D:12)
  6 trolls
  3 shadows
  11 yaks (D:13)
  3 wyverns
  8 wraiths
  Eustachio (D:5)
  A hog (shapeshifter) (D:13)
  The ghost of Quickbrownfox the Chiller, an amateur OpIE (D:3)
  Duvessa (D:5)
  A water moccasin (D:10)
  4 orc warriors
  3 sky beasts
  An ice beast (D:7)
  A necrophage (D:9)
  3 phantoms
  8 ogres
  5 centaurs
  4 big kobolds
  A gnoll sergeant (D:6)
  Blork the orc (D:6)
  5 bullfrogs
  Dowan (D:5)
  A wyvern zombie (D:10)
  4 scorpions
  2 troll zombies (D:9)
  18 killer bees
  A howler monkey (D:10)
  3 bullfrog zombies
  A centaur zombie (D:12)
  6 hounds
  A quasit (D:9)
  6 centaur skeletons
  3 jellies
  4 bullfrog skeletons
  2 gnoll shamans
  4 orc priests
  6 iguanas
  6 orc wizards
  10 worker ants
  6 ogre zombies (D:9)
  A hound skeleton (D:4)
  A worker ant zombie (D:9)
  12 adders
  15 gnolls
  A shadow imp (D:8)
  3 ufetubi
  2 adder skeletons
  2 worms (D:2)
  4 dart slugs
  3 leopard geckos
  38 orcs
  A ball python (D:3)
  9 bats
  5 giant cockroaches
  9 hobgoblins
  9 jackals
  2 quokkas
  5 frilled lizards
  9 goblins
  A goblin skeleton (D:9)
  2 goblin zombies (D:9)
  2 hobgoblin skeletons (D:9)
  4 hobgoblin zombies (D:9)
  38 kobolds
  A leopard gecko skeleton (D:7)
  An orc skeleton (D:9)
  13 orc zombies (D:9)
  A quokka skeleton (D:6)
  3 rats
  A butterfly (Temple)
368 creatures vanquished.

Vanquished Creatures (collateral kills)
  An orc wizard (D:12)
  An orc priest (D:12)
  4 orcs
6 creatures vanquished.

Vanquished Creatures (others)
  Josephine (D:13)
  A sky beast (D:13)
  A wyvern zombie (D:13)
  An orc zombie (D:9)
  72 plants
76 creatures vanquished.

Grand Total: 450 creatures vanquished

Notes
Turn   | Place    | Note
-------+----------+-------------------------------------------
     0 | D:1      | sex1234 the Deep Dwarf Fighter began the quest for the Orb.
     0 | D:1      | Reached XP level 1. HP: 20/20 MP: 1/1
   282 | D:1      | Reached XP level 2. HP: 27/27 MP: 2/2
  1035 | D:2      | Reached XP level 3. HP: 22/34 MP: 3/3
  1976 | D:3      | Found a runed translucent gate.
  1976 | D:3      | Found a runed translucent gate.
  1977 | D:3      | Found a runed translucent gate.
  1984 | D:3      | Reached skill level 3 in Axes
  2597 | D:3      | Reached XP level 4. HP: 34/42 MP: 4/4
  2692 | D:3      | Found an opulent altar of Gozag.
  2693 | D:3      | Noticed a phantom
  2693 | D:3      | Noticed Quickbrownfox's ghost (amateur OpIE)
  2865 | D:3      | Killed Quickbrownfox's ghost
  2866 | D:3      | Reached skill level 4 in Axes
  2866 | D:3      | Reached XP level 5. HP: 40/49 MP: 5/5
  2877 | D:3      | Killed a phantom
  2878 | D:3      | Reached XP level 6. HP: 45/56 MP: 6/6
  3060 | D:4      | Reached skill level 1 in Dodging
  3141 | D:4      | Reached skill level 5 in Axes
  3141 | D:4      | Reached skill level 1 in Stealth
  3295 | D:4      | Found Cuhos's Antique Weapon Shop.
  3310 | D:4      | Bought a runed hand crossbow for 201 gold pieces
  3680 | D:4      | Reached skill level 6 in Axes
  3688 | D:4      | Reached XP level 7. HP: 32/62 MP: 7/7
  3913 | D:5      | Entered Level 5 of the Dungeon
  3933 | D:5      | Reached skill level 5 in Armour
  3941 | D:5      | Learned a level 1 spell: Corona
  3943 | D:5      | Learned a level 1 spell: Apportation
  3945 | D:5      | Learned a level 1 spell: Summon Small Mammal
  3947 | D:5      | Learned a level 1 spell: Animate Skeleton
  3963 | D:5      | Found an opulent altar of Gozag.
  3966 | D:5      | Noticed Duvessa
  3967 | D:5      | Noticed Dowan
  3984 | D:5      | Killed Duvessa
  4014 | D:5      | Killed Dowan
  4015 | D:5      | Reached skill level 7 in Axes
  4243 | D:5      | Reached XP level 8. HP: 15/72 MP: 8/8
  4450 | D:5      | Found a hide-covered altar of Uskayaw.
  4485 | D:5      | Noticed Eustachio
  4498 | D:5      | Killed Eustachio
  4499 | D:5      | Reached skill level 5 in Shields
  4653 | D:6      | Reached skill level 8 in Axes
  4730 | D:6      | Found Mures's Antique Weapon Emporium.
  5031 | D:6      | Noticed Blork the orc
  5040 | D:6      | Found a shimmering blue altar of Sif Muna.
  5059 | D:6      | Killed Blork the orc
  5548 | D:6      | Found a bloodstained altar of Trog.
  5917 | D:7      | Reached skill level 9 in Axes
  5933 | D:7      | Gained mutation: You passively map the area around you.
                  | [Deep Dwarf growth]
  5933 | D:7      | Reached XP level 9. HP: 15/80 MP: 9/9
  5993 | D:7      | Found a staircase to the Ecumenical Temple.
  6116 | D:7      | Reached skill level 5 in Fighting
  6200 | D:7      | HP: 4/81 [acid (4)]
  6339 | D:7      | Found a shimmering blue altar of Sif Muna.
  6358 | D:7      | Reached skill level 10 in Axes
  6490 | D:4      | Bought a glowing war axe for 201 gold pieces
  7244 | D:8      | Found Rurgh's Distillery.
  7264 | D:8      | Bought a potion of curing for 42 gold pieces
  7264 | D:8      | Bought a potion of heal wounds for 70 gold pieces
  7264 | D:8      | Bought a potion of might for 56 gold pieces
  7284 | D:8      | Reached skill level 1 in Crossbows
  7811 | Temple   | Entered the Ecumenical Temple
  7954 | Temple   | Became a worshipper of Warmaster Okawaru
  8133 | D:9      | Found a staircase to the Orcish Mines.
  8190 | D:9      | Reached * piety under Okawaru
  8191 | D:9      | Reached XP level 10. HP: 74/88 MP: 9/9
  8216 | D:9      | Reached skill level 11 in Axes
  8361 | D:9      | Reached ** piety under Okawaru
  8679 | D:10     | Entered Level 10 of the Dungeon
  9085 | D:10     | Reached skill level 1 in Evocations
  9097 | D:10     | Reached skill level 12 in Axes
  9304 | D:10     | Reached *** piety under Okawaru
  9569 | D:11     | Found a staircase to the Lair.
  9570 | D:11     | Noticed an oklob plant
  9600 | D:11     | Killed an oklob plant
  9629 | D:11     | Noticed an unseen horror
  9635 | D:11     | Killed an unseen horror
  9635 | D:11     | Received a gift from Okawaru
  9636 | D:11     | Reached skill level 5 in Crossbows
  9636 | D:11     | Reached XP level 11. HP: 24/98 MP: 9/9
  9835 | D:11     | Noticed boben's ghost (journeyman GnTm)
  9837 | D:11     | Found a runed translucent door.
  9927 | D:11     | Reached **** piety under Okawaru
 10040 | D:11     | Received a gift from Okawaru
 10151 | D:11     | Noticed Erolcha
 10156 | D:11     | Killed Erolcha
 10328 | D:11     | Identified a scroll of acquirement
 10328 | D:11     | Acquired 611 gold pieces
 10352 | D:11     | Killed boben's ghost
 10352 | D:11     | Received a gift from Okawaru
 10803 | D:12     | Noticed a white ugly thing
 10822 | D:12     | Killed a white ugly thing
 10822 | D:12     | Reached ***** piety under Okawaru
 10886 | D:12     | Found Xuuggo's Gadget Shoppe.
 10973 | D:12     | Received a gift from Okawaru
 11236 | D:13     | Noticed an unseen horror
 11244 | D:13     | Killed an unseen horror
 11261 | D:13     | Found a gate to the Vaults.
 11267 | D:13     | Noticed a red ugly thing
 11268 | D:13     | Noticed a fire crab
 11268 | D:13     | a cyclops changed into a fire crab
 11279 | D:13     | Noticed Josephine
 11309 | D:13     | HP: 2/90 [wyvern (12)]
 11336 | D:13     | Noticed a centaur warrior
 11339 | D:13     | Killed Josephine
 11348 | D:13     | Killed a centaur warrior
 11352 | D:13     | Noticed a wolf spider
 11361 | D:13     | Received a gift from Okawaru
 11363 | D:13     | Reached skill level 5 in Dodging
 11368 | D:13     | Killed a wolf spider
 11369 | D:13     | Reached XP level 12. HP: 45/109 MP: 8/8
 11383 | D:13     | Reached skill level 13 in Axes
 11537 | D:13     | Reached skill level 10 in Shields
 11541 | D:13     | Noticed a bunyip
 11541 | D:13     | a wolf spider changed into a bunyip
 11547 | D:13     | Noticed a boulder beetle
 11547 | D:13     | a bunyip changed into a boulder beetle
 11548 | D:13     | Noticed a spark wasp
 11548 | D:13     | a boulder beetle changed into a spark wasp
 11557 | D:13     | a spark wasp changed into a goliath frog
 11561 | D:13     | Noticed a bunyip
 11561 | D:13     | a goliath frog changed into a bunyip
 11563 | D:13     | a bunyip changed into a goliath frog
 11564 | D:13     | Noticed a bunyip
 11564 | D:13     | a goliath frog changed into a bunyip
 11565 | D:13     | Noticed a fire dragon
 11565 | D:13     | a bunyip changed into a fire dragon
 11567 | D:13     | Killed from afar by a fire dragon (glowing shapeshifter)

Illustrated notes

Levels and vault maps discovered:
D:1:      dpeg_arrival_houses_and_road, layout_basic
D:2:      minmay_skewed_foursquare, layout_basic
D:3:      layout_basic, ebering_ghost_gozag
D:4:      corexii_shack_village, layout_layer_cave, serial_shops,
          nicolae_shop_overgrown_old_shop
D:5:      layout_basic, nicolae_overflow_hidden_temple, grunt_gozag_breadcrumbs,
          uniq_duvessa, uniq_eustachio
D:6:      kennysheep_kobold_camp, layout_loops_corners, serial_shops,
          nicolae_shop_window_shopping, basic_altar, tgw_sif
D:7:      kennysheep_orc_sif_temple, layout_loops_ring,
          minmay_temple_entry_butterflies
D:8:      layout_loops_cross, serial_shops, nicolae_shop_trees
D:9:      layout_roguey, zombieorc2_lemuel
D:10:     layout_stronghold
D:11:     layout_stronghold, dpeg_oklobed_lair, hellmonk_ghost_happy_afterlife,
          uniq_erolcha
D:12:     layout_roguey, serial_shops, shop
D:13:     minmay_cornered_nines, layout_rooms, david_vaults_2,
          portal_ice_cave_rime, onia_ninara_dug_in_and_dangerous,
          uniq_josephine, uniq_kirke
Temple:   dpeg_three_leaves_temple

Skill      XL: |  1  2  3  4  5  6  7  8  9 10 11 12 |
---------------+-------------------------------------+-----
Fighting       | 3 4 5 6 7 |  7.4
Armour         | 4 6 7 8 |  8.8
Axes           | 3 4 6 7 9 10 12 13 | 13.3
Shields        | 4 5 7 8 9 10 | 10.0
Dodging        | 1 2 3 5 |  5.4
Stealth        | 1 2 |  2.2
Crossbows      | 3 5 7 |  7.8
Evocations     | 1 2 |  2.2
Invocations    | |  0.8

Action                   |  1- 3 |  4- 6 |  7- 9 | 10-12 || total
-------------------------+-------+-------+-------+-------++-------
Melee: War axe           |   114 |    93 |   526 |   433 ||  1166
 Fire: Hand crossbow     |       |       |    21 |    99 ||   120
Invok: Heroism           |       |       |       |    13 ||    13
 Abil: Heal Wounds       |       |       |     4 |    19 ||    23
Evoke: Wand              |       |       |     5 |    19 ||    24
       Phantom mirror    |       |       |       |     1 ||     1
  Use: Scroll            |     5 |     1 |     8 |    12 ||    26
       Potion            |     3 |     1 |     8 |     9 ||    21
Armor: Scale mail        |    38 |    17 |   103 |    98 ||   256
Dodge: Dodged            |    54 |    46 |   301 |   341 ||   742
       Repelled          |     1 |       |     2 |     4 ||     7
Block: Kite shield       |    57 |    40 |   313 |   325 ||   735
